 Dungeon Crawl Stone Soup version 0.28-a0-794-gafe8c5f9e9 (webtiles) character file.

Game seed: 6493075971003191868

12 kae the Caller (level 2, -1/16 HPs)
             Began as a Tengu Summoner on Nov 5, 2021.
             Slain by a jackal (3 damage)
             ... on level 1 of the Dungeon.
             The game lasted 00:01:07 (725 turns).

kae the Caller (Tengu Summoner)                      Turns: 725, Time: 00:01:08

Health: -1/16      AC:  2    Str:  8    XL:     2   Next: 33%
Magic:  1/6        EV: 12    Int: 15    God:
Gold:   14         SH:  0    Dex: 14    Spells: 4/5 levels left

rFire   . . .      SeeInvis .   (no weapon)
rCold   . . .      Faith    .   (no shield)
rNeg    . . .      Spirit   .   a - +0 robe
rPois   .          Reflect  .   (helmet restricted)
rElec   .          Harm     .   (no cloak)
rCorr   .          Rampage  .   (no gloves)
Will    .....                   (boots unavailable)
Stlth   ++........              (no amulet)
HPRegen 0.05/turn               (no ring)
MPRegen 0.10/turn               (no ring)

@: no status effects
A: beak, talons 3
a: no special abilities


You were on level 1 of the Dungeon.
You visited 1 branch of the dungeon, and saw 1 of its levels.

You collected 14 gold pieces.

Inventory:

Armour
 a - a +0 robe (worn)
Scrolls
 c - a scroll of magic mapping {unknown}
 e - a scroll of identify {unknown}
Potions
 b - a potion of curing
 d - a potion of lignification {unknown}


   Skills:
 + Level 0.5 Fighting
 + Level 2.4 Dodging
 - Level 2.0 Stealth
 + Level 2.1 Spellcasting
 * Level 5.1 Summonings


You had 4 spell levels left.
You knew the following spells:

 Your Spells              Type           Power      Damage    Failure   Level
a - Summon Small Mammal   Summ           68%        N/A       2%          1

Your spell library contained the following spells:

 Spells                   Type           Power      Damage    Failure   Level
 Call Imp                 Summ           17%        N/A       4%          2
 Call Canine Familiar     Summ           17%        N/A       8%          3
 Summon Guardian Golem    Hex/Summ       9%         N/A       22%         3
 Summon Lightning Spire   Summ/Air       9%         N/A       58%         4


Dungeon Overview and Level Annotations

Branches:
Dungeon (1/15)

Altars:


Innate Abilities, Weirdness & Mutations

You have a beak for a mouth.
You have claws for feet.


Message History

You hit the jackal but do no damage. You claw the jackal.
Your peck misses the jackal.
The jackal is heavily wounded.
The jackal barely misses you. The jackal bites your rat.
Your rat dies!
Your rat's corpse disappears in a puff of smoke!
Your bat misses the jackal. The jackal bites you.
You hit the jackal but do no damage.
The jackal is heavily wounded.
Your bat completely misses the jackal.
The jackal barely misses you.
You closely miss the jackal.
The jackal is moderately wounded.
The jackal barks!
Your bat hits the jackal. The jackal closely misses you. The jackal bites you.
* * * LOW HITPOINT WARNING * * *
The jackal bites you but does no damage.
You closely miss the jackal.
The jackal is heavily wounded.
Your bat closely misses the jackal.
The jackal closely misses you. x2
You feel better.
Your bat hits the jackal but does no damage.
The jackal closely misses you.
Your bat hits the jackal but does no damage.
The jackal closely misses you. x2
You hit the jackal. You claw the jackal.
You kill the jackal!
The jackal bites you.
Your bat hits the jackal. The jackal bites you.
* * * LOW HITPOINT WARNING * * *
The jackal bites you.
* * * LOW HITPOINT WARNING * * *
You hit the jackal but do no damage. You peck the jackal, but do no damage.
The jackal is severely wounded.
Your bat barely misses the jackal. x2; Your bat hits the jackal.
The jackal barely misses you. The jackal completely misses you.
Casting: Summon Small Mammal (safe; 2% risk of failure)
Confirm with . or Enter, or press ? or * to list all spells.
Your bat hits the jackal but does no damage.
The jackal bites you but does no damage.
The jackal bites you.
You die...

.#.#######.#..##.....# ...
.#.#.P.PP#.#PPP#....#############
##.#.....#.#####....#...........#
...#.PP..#hhbh...####...........#
##.#...P.#.#####.####..♣...######
.#.#...P.#.#P.P#.#.....♣♣..#
.#.#######.#.P##†.b.......>#
P#.........#..##hh....)..#'######
.###########.###@..#............#
.........PP..# #b.##.............
##...###...### #..##.#..........#
###b#.#P### #..##.##.#########
###.#########..##....###..P.P#
#............####..##...PP..
#..#...............#...P..P.
#####'####.#....#...#####
#.#####.###.......#P..#.g.r


You could see 2 jackals and 2 friendly bats.

Vanquished Creatures
  A hobgoblin (D:1)
  2 jackals (D:1)
  A ball python (D:1)
4 creatures vanquished.

Vanquished Creatures (collateral kills)
  A bat (D:1)
  A goblin (D:1)
  A hobgoblin (D:1)
  A jackal (D:1)
  3 rats (D:1)
7 creatures vanquished.

Vanquished Creatures (others)
  5 toadstools (D:1)
5 creatures vanquished.

Grand Total: 16 creatures vanquished

Notes
Turn   | Place    | Note
-------+----------+-------------------------------------------
     0 | D:1      | kae the Tengu Summoner began the quest for the Orb.
     0 | D:1      | Reached XP level 1. HP: 10/10 MP: 4/4
   371 | D:1      | Reached skill level 5 in Summonings
   378 | D:1      | Reached XP level 2. HP: 5/16 MP: 3/6
   725 | D:1      | Slain by a jackal

Illustrated notes

Levels and vault maps discovered:
D:1:      heliophobic_arrival_dark_side_of_the_moon, layout_basic,
          serial_aquarium, aquarium_bridge_long_joined [aquarium_subvault_wall,
          aquarium_subvault_wall, aquarium_subvault_bridge,
          aquarium_subvault_balcony, aquarium_subvault_bridge,
          aquarium_subvault_wall], aquarium_bridge_island_large
          [aquarium_subvault_large_water, aquarium_subvault_bridge,
          aquarium_subvault_bridge, aquarium_subvault_bridge,
          aquarium_subvault_balcony], aquarium_window_2, aquarium_window_2,
          aquarium_window_corridor_3, aquarium_view_2d, aquarium_view_2e,
          aquarium_balcony_3b, hellmonk_ecumenical_altar_dog_temple,
          grunt_decor_junction, hex_tiny, minmay_gold_behind_fungi,
          kennysheep_nondescript, chequers_mini_garden

Skill      XL: |  1 |
---------------+----+-----
Summonings     | 5 |  5.1
Fighting       | |  0.5
Dodging        | |  2.4
Stealth        | |  2.0
Spellcasting   | |  2.1

Action                   || total
-------------------------++-------
Melee: Unarmed           ||    23
       Kick              ||     5
       Peck              ||     5
 Cast: Summon Small Mamm ||    21
  Use: Potion            ||     2
Armor: Robe              ||    10
Dodge: Dodged            ||    40

Table legend: (Time is in decaauts)
 A = Elapsed time spent in this place.
 B = Non-inter-level travel time spent in this place.
 C = Inter-level travel time spent in this place.
 D = Time resting spent in this place.
 E = Time spent auto-exploring this place.
 F = Levels seen in this place.
 G = Mean time per level.
                   A        B        C        D        E       F      G
               +--------+--------+--------+--------+--------+-----+--------+
         Total |    725 |    725 |      0 |      0 |    534 |   1 |  725.0 |
       Dungeon |    725 |    725 |      0 |      0 |    534 |   1 |  725.0 |
               +--------+--------+--------+--------+--------+-----+--------+

Top non-repeatable levels by time:
     D:1: 725 daAuts
